 Dungeon Sprint DCSS version 0.17.0-17-ge4ba49f (webtiles) character file.

600000 Iamburgie the Gracecrafter (level 13, -11/114 HPs)
             Began as a Formicid Skald on Nov 11, 2015.
             Was an Initiate of Makhleb.
             Mangled by a meat berserker
             ... wielding a +9 battleaxe
              (54 damage)
             ... in the Dungeon (Sprint VIII: "Arena of Blood").
             The game lasted 00:00:25 (6 turns).

Iamburgie the Gracecrafter (Formicid Skald)            Turns: 6, Time: 00:00:25

Health: -11/114    AC:  3    Str: 22    XL:     13   Next: 60%
Magic:  3/31       EV: 11    Int: 12    God:    Makhleb [......]
Gold:   0          SH:  0    Dex: 10    Spells: 1 memorised, 40 levels left

rFire  . . .     SeeInvis +     k - +∞ Axe of Woe
rCold  . . .     Clarity  .     b - +0 leather armour
rNeg   . . .     SustAt   .     (no shield)
rPois  .         Gourm    .     (helmet unavailable)
rElec  .         Spirit   .     (no cloak)
rCorr  .         Warding  .     (no gloves)
rMut   .         Stasis   +     (no boots)
MR     +....                    (no amulet)
Stlth  +.........               (no ring)
                                (no ring)

@: somewhat resistant to hostile enchantments, very unstealthy
A: permanent stasis, dig shafts and tunnels, four strong arms, antennae 3
a: Dig, Renounce Religion


You were in the Dungeon.
You worshipped Makhleb.
Makhleb was noncommittal.
You were not hungry.

You visited 1 branch

Inventory:

Hand Weapons
 a - a +0 hand axe
 k - the +∞ Axe of Woe (weapon)
   (You found it in the Dungeon)
Armour
 b - a +0 leather armour (worn)
Scrolls
 j - a scroll of blinking
Potions
 e - a potion of curing
 f - a potion of heal wounds
 g - a potion of haste
 h - 2 potions of magic
 i - a potion of berserk rage
Books
 c - a book of Battle

   Spells                             Type                      Level
   a - Infusion                       Charms                       1
   b - Shroud of Golubria             Charms/Translocation         2
   c - Song of Slaying                Charms                       2
   d - Spectral Weapon                Hexes/Charms                 3
   e - Regeneration                   Charms/Necromancy            3
Comestibles
 d - a bread ration


   Skills:
 + Level 14.5 Fighting
 + Level 13.5 Axes
 + Level 4.0 Armour
 + Level 0.8 Dodging
 + Level 14.5 Spellcasting
 + Level 22.6 Charms


You had 40 spell levels left.
You knew the following spells:

 Your Spells              Type           Power        Failure   Level  Hunger
a - Infusion              Chrm           ######       0%          1    None


Dungeon Overview and Level Annotations

Branches:
Dungeon (1/1)

Altars:
Makhleb


Innate Abilities, Weirdness & Mutations

You are under a permanent stasis effect.
You can dig through walls and to a lower floor.
Your four strong arms can wield two-handed weapons with a shield.
You have a pair of large antennae on your head (SInv).


Message History

You feel stronger.
You have reached level 10!
You have reached level 11!
You have reached level 12!
Your experience leads to an increase in your attributes!
Increase (S)trength, (I)ntelligence, or (D)exterity?
You feel stronger. x2
You have reached level 13!
You hear a shout! x7
The meat berserker appears out of thin air!
A meat berserker comes into view. It is wielding a +9 battleaxe.
You hear a shout! x6
An orc and 2 ogres come into view.
Unknown command.
The bag of meat shouts!
You hear a shout!
You hear a shout!
You hear a shout!
You hear a shout! x4
The meat berserker rages.
You hear a shout!
The meat berserker hits you with a +9 battleaxe!!!
You die...

O.... .. #...
.# { . #.o. ..#
..###... ..###.
......###......
....._......
#.....# #@O<._#
#O....# {
....._......
......###......
..###... ..###.
. #... ..#{
#... { {# {
..... ..


You could see 3 meat berserkers and a bag of meat.

Vanquished Creatures
  An ogre (D)
1 creature vanquished.

Notes
Turn   | Place    | Note
--------------------------------------------------------------
     0 | D        | Iamburgie the Formicid Skald began the quest for the Orb.
     0 | D        | Reached XP level 1. HP: 16/16 MP: 3/3
     3 | D        | Became a worshipper of Makhleb the Destroyer
     4 | D        | Noticed a meat berserker
     5 | D        | Noticed a bag of meat
     5 | D        | Killed a meat berserker
     5 | D        | Reached skill level 14 in Fighting
     5 | D        | Reached skill level 22 in Charms
     5 | D        | Reached XP level 2. HP: 19/43 MP: 3/17
     5 | D        | Reached XP level 3. HP: 21/49 MP: 3/19
     5 | D        | Reached XP level 4. HP: 24/56 MP: 3/20
     5 | D        | Reached XP level 5. HP: 26/62 MP: 3/22
     5 | D        | Reached XP level 6. HP: 28/69 MP: 3/23
     5 | D        | Reached XP level 7. HP: 30/75 MP: 3/25
     5 | D        | Reached XP level 8. HP: 32/82 MP: 3/26
     5 | D        | Reached XP level 9. HP: 34/88 MP: 3/27
     5 | D        | Reached XP level 10. HP: 36/95 MP: 3/28
     5 | D        | Reached XP level 11. HP: 38/101 MP: 3/29
     5 | D        | Reached XP level 12. HP: 40/108 MP: 3/30
     5 | D        | Reached XP level 13. HP: 42/114 MP: 3/31
     6 | D        | Noticed a bag of meat
     6 | D        | Noticed a meat berserker
     6 | D        | Noticed a meat berserker
     6 | D        | Mangled by a meat berserker

Action                   |  1- 3 |  4- 6 |  7- 9 | 10-12 | 13-15 || total
-------------------------+-------+-------+-------+-------+-------++-------
Melee: Executioner's axe |     1 |       |       |       |       ||     1
